 Dungeon Crawl Stone Soup version 0.24.0-37-gcf1ca852f1 (webtiles) character file.

Game seed: 6161354512498861527, levelgen mode: deterministic

12320 Raikaria the Thaumaturge (level 11, -1/83 HPs)
             Began as a Gnoll Ice Elementalist on Dec 6, 2019.
             Was a Believer of Ru.
             Slain by a death yak (13 damage)
             ... on level 2 of the Lair of Beasts.
             The game lasted 00:51:19 (12552 turns).

Raikaria the Thaumaturge (Gnoll Ice Elementalist)  Turns: 12552, Time: 00:51:20

Health: -1/83      AC: 21    Str: 10    XL:     11   Next: 91%
Magic:  16/23      EV: 19    Int: 20    God:    Ru [**....]
Gold:   671        SH:  0    Dex: 17    Spells: 14/26 levels left

rFire    . . .     SeeInvis +   p - +1 falchion (freeze)
rCold    . . .     Gourm    .   (no shield)
rNeg     . . .     Faith    .   o - +3 leather armour
rPois    .         Spirit   .   y - +2 helmet
rElec    .         Reflect  .   n - scarf {repulsion}
rCorr    .         Harm     .   k - +1 pair of gloves
MR       .....                  B - +0 pair of boots of Parts Unknown {Regen+}
Stlth    ++++......             (no amulet)
HPRegen  0.63/turn              x - ring of see invisible
MPRegen  0.18/turn              C - +2 ring of evasion

@: icy armour, no scrolls, repel missiles
A: distributed training, fangs 1, inability to read while threatened, disrupted
magic 1, strong nose
a: Renounce Religion


You were on level 2 of the Lair of Beasts.
You worshipped Ru.
Ru was pleased with you.
You were hungry.

You visited 3 branches of the dungeon, and saw 15 of its levels.

You collected 869 gold pieces.
You spent 198 gold pieces at shops.

Inventory:

Hand Weapons
 d - a +2 falchion of holy wrath
 p - a +1 falchion of freezing (weapon)
 G - a +1 dagger of freezing
Missiles
 b - 4 javelins (quivered)
Armour
 k - a +1 pair of gloves (worn)
 n - a scarf of repulsion (worn)
 o - a +3 leather armour (worn)
 y - a +2 helmet (worn)
 B - the +0 pair of boots of Parts Unknown (worn) {Regen+}
   (You found it on level 4 of the Dungeon)

   It increases your rate of regeneration.
Jewellery
 x - a ring of see invisible (left hand)
 C - a +2 ring of evasion (right hand)
 H - an uncursed ring of stealth
Wands
 z - a wand of acid (12)
 I - a wand of polymorph (20)
 Q - a wand of digging (5)
 R - a wand of flame (23)
Scrolls
 a - a scroll of amnesia
 j - 8 scrolls of teleportation
 l - 5 scrolls of magic mapping
 r - 7 scrolls of remove curse
 t - a scroll of identify
 u - 2 scrolls of enchant armour
 A - a scroll of fear
 M - a scroll of enchant weapon
Potions
 e - 3 potions of magic
 f - 2 potions of cancellation {unknown}
 g - 12 potions of curing
 h - 2 potions of invisibility
 i - 4 potions of lignification {unknown}
 m - 3 potions of agility
 q - 2 potions of resistance {unknown}
 s - 2 potions of flight {unknown}
 v - a potion of ambrosia {unknown}
 w - 4 potions of brilliance
 D - 3 potions of heal wounds
 E - 3 potions of haste
 F - 2 potions of mutation
 J - a potion of might
 L - a potion of degeneration {unknown}
 P - 2 potions of berserk rage
Comestibles
 c - 18 rations
 K - 3 chunks of flesh


   Skills:
 + Level 6.6 Fighting
 + Level 6.6 Short Blades
 + Level 6.6 Long Blades
 + Level 6.6 Axes
 + Level 6.6 Maces & Flails
 + Level 6.6 Polearms
 + Level 6.6 Staves
 + Level 6.6 Slings
 + Level 6.6 Bows
 + Level 6.6 Crossbows
 + Level 6.6 Throwing
 + Level 6.6 Armour
 + Level 8.1 Dodging
 + Level 7.9 Stealth
 + Level 6.6 Shields
 + Level 6.6 Unarmed Combat
 + Level 8.4 Spellcasting
 + Level 5.9 Conjurations
 + Level 5.5 Hexes
 + Level 5.5 Charms
 + Level 5.5 Summonings
 + Level 5.5 Necromancy
 + Level 5.5 Translocations
 + Level 5.5 Transmutations
 + Level 5.5 Fire Magic
 + Level 7.8 Ice Magic
 + Level 5.5 Air Magic
 + Level 5.5 Earth Magic
 + Level 5.5 Poison Magic
 + Level 7.2 Invocations
 + Level 6.6 Evocations


You had 14 spell levels left.
You knew the following spells:

 Your Spells              Type           Power        Failure   Level  Hunger
a - Freeze                Ice            ####         1%          1    None
b - Ozocubu's Armour      Chrm/Ice       #####...     3%          3    None
c - Summon Ice Beast      Ice/Summ       #####...     11%         4    ###....
d - Throw Icicle          Conj/Ice       #####...     10%         4    ###....

Your spell library contained the following spells:

 Spells                   Type           Power        Failure   Level  Hunger
 Magic Dart               Conj           ####         1%          1    None
 Throw Frost              Conj/Ice       #####.       1%          2    None
 Corona                   Hex            ####...      2%          1    None
 Ensorcelled Hibernation  Hex/Ice        #####.       2%          2    None
 Searing Ray              Conj           ####..       2%          2    None
 Confuse                  Hex            ####....     5%          3    None
 Dazzling Spray           Conj/Hex       ####..       5%          3    None
 Tukima's Dance           Hex            ####....     5%          3    None
 Iskenderun's Mystic Bla  Conj           ####....     13%         4    ###....
 Force Lance              Conj/Tloc      ####....     14%         4    ###....
 Fulminant Prism          Conj/Hex       ####......   14%         4    ###....
 Iskenderun's Battlesphe  Conj/Chrm      ####....     34%         5    #####..
 Venom Bolt               Conj/Pois      ####......   34%         5    #####..
 Bolt of Magma            Conj/Fire/Erth ####......   36%         5    #####..
 Iron Shot                Conj/Erth      ####......   88%         6    ######.
 Orb of Destruction       Conj           ####......   100%        7    #######
 Spellforged Servitor     Conj/Summ      ####......   100%        7    #######


Dungeon Overview and Level Annotations

Branches:
Dungeon (11/15)            Temple (1/1) D:5            Lair (3/6) D:10
  Snake (0/4) Lair:2
  Swamp: Lair:2-4    Shoals: Lair:2-4       Orc: D:9-12

Altars:
Ashenzari
Cheibriados
Dithmenos
Elyvilon
Fedhas
Gozag
Hepliaklqana
Kikubaaqudgha
Makhleb
Nemelex Xobeh
Okawaru
Ru
Sif Muna
Trog
Uskayaw
Vehumet
Wu Jian
Xom
The Shining One

Shops:
D:5 !

Annotations:
Lair:1 exclusion: 4 oklob plants
Lair:2 2 transporters, teukkam's ghost, journeyman MiFi


Innate Abilities, Weirdness & Mutations

Your experience applies equally to all skills.
You have very sharp teeth.
You cannot read scrolls while threatened.
Your casting is slightly disrupted.
Your uncanny sense of smell can sniff out nearby items.


Message History

You hit the death yak. You freeze the death yak.
The death yak is heavily wounded.
Your ice beast hits the death yak.
Your ice beast freezes the death yak!
The death yak barely misses your ice beast.
You catch the helpless death yak completely off-guard!
You hit the death yak. You freeze the death yak.
The death yak is severely wounded.
Your ice beast hits the death yak but does no damage.
The death yak gores you but does no damage.
You hit the death yak but do no damage.
The death yak is severely wounded.
The death yak stops glowing.
Your ice beast hits the death yak but does no damage.
The death yak gores you!!
* * * LOW HITPOINT WARNING * * *
You hit the death yak. You freeze the death yak.
The death yak is severely wounded.
Your ice beast hits the death yak.
Your ice beast freezes the death yak!
The death yak gores you!
You die...

.# ### ###....## ##...# # .#
#....# #....########## .####
#....# ##...#.##.#.#.#
..#.######...รท# ##...........Y..
..............# #......Y........
..............# ##.....#.#####.#
...#.####.....# ##.....### ###
.........#....####.#....# #.
................@YY.....## ##
..>#.....#....#P##.##....# #
<........#....########...# ##
...#+###......# ##...#######.
.............##### ##............
.............###P###.#...........
.................................
.................................
.................................


You could see a death yak and a friendly ice beast.

Vanquished Creatures
  2 hydras
  A death yak (Lair:1)
  An elephant (Lair:1)
  A black mamba (Lair:1)
  3 spiny frogs (Lair:1)
  A troll (D:10)
  3 blink frogs (Lair:1)
  2 hippogriffs
  Sigmund (D:2)
  3 yaks (D:10)
  2 hungry ghosts
  Eustachio (D:4)
  A warg (D:10)
  2 nagas (Lair:2)
  3 water moccasins
  8 orc warriors
  3 porcupines
  A black bear (D:8)
  2 phantoms (D:5)
  A hornet zombie (D:10)
  8 ogres
  7 centaurs
  5 crocodiles
  5 bullfrogs
  A big kobold (D:9)
  2 scorpions
  5 killer bees (D:7)
  4 howler monkeys
  2 crimson imps
  3 jellies
  3 hounds (D:8)
  5 orc priests
  3 bullfrog skeletons
  A centaur skeleton (D:6)
  An iguana (D:10)
  Natasha (thrice) (D:4)
  6 orc wizards
  Ijyb (D:4)
  8 worker ants
  A killer bee zombie (D:7)
  2 hound zombies
  A worker ant zombie (D:10)
  Robin (D:4)
  7 gnolls
  14 adders
  A shadow imp (D:7)
  4 oozes
  3 worms
  5 dart slugs
  3 leopard geckos
  26 orcs
  6 bats
  4 giant cockroaches
  14 goblins
  14 hobgoblins
  8 jackals
  5 quokkas
  3 ball pythons
  5 frilled lizards
  12 kobolds
  10 rats
264 creatures vanquished.

Vanquished Creatures (collateral kills)
  A spiny frog (Lair:1)
  Prince Ribbit (D:8)
  A blink frog (Lair:1)
  3 yaks (D:10)
  A basilisk (Lair:1)
  3 wargs (D:10)
  A naga (Lair:2)
  2 water moccasins (Lair:2)
  2 orc warriors (D:10)
  An ice beast (D:9)
  A sky beast (D:10)
  An eye of draining (D:8)
  A crocodile (Lair:1)
  An orc (D:10)
20 creatures vanquished.

Vanquished Creatures (others)
  An ogre (D:9)
  2 crocodiles
  2 orc wizards
  A bush (Lair:2)
  A fungus (Lair:2)
  11 plants
18 creatures vanquished.

Grand Total: 302 creatures vanquished

Notes
Turn   | Place    | Note
-------+----------+-------------------------------------------
     0 | D:1      | Raikaria the Gnoll Ice Elementalist began the quest for the
                  | Orb.
     0 | D:1      | Reached XP level 1. HP: 13/13 MP: 6/6
    68 | D:1      | Reached XP level 2. HP: 19/19 MP: 4/7
   448 | D:1      | Reached XP level 3. HP: 24/25 MP: 5/9
   568 | D:1      | Reached skill level 5 in Spellcasting
   634 | D:2      | Reached skill level 1 in Invocations
  1363 | D:2      | Reached skill level 1 in Fighting
  1363 | D:2      | Reached skill level 1 in Short Blades
  1363 | D:2      | Reached skill level 1 in Long Blades
  1363 | D:2      | Reached skill level 1 in Axes
  1363 | D:2      | Reached skill level 1 in Maces & Flails
  1363 | D:2      | Reached skill level 1 in Polearms
  1363 | D:2      | Reached skill level 1 in Staves
  1363 | D:2      | Reached skill level 1 in Slings
  1363 | D:2      | Reached skill level 1 in Bows
  1363 | D:2      | Reached skill level 1 in Crossbows
  1363 | D:2      | Reached skill level 1 in Throwing
  1363 | D:2      | Reached skill level 1 in Armour
  1363 | D:2      | Reached skill level 1 in Shields
  1363 | D:2      | Reached skill level 1 in Unarmed Combat
  1363 | D:2      | Reached skill level 1 in Evocations
  1375 | D:2      | Learned a level 3 spell: Ozocubu's Armour
  1393 | D:2      | Reached XP level 4. HP: 28/32 MP: 6/11
  1700 | D:2      | Noticed Sigmund
  1771 | D:2      | Found an ornate altar of the Wu Jian Council.
  1794 | D:3      | Reached skill level 1 in Hexes
  1794 | D:3      | Reached skill level 1 in Charms
  1794 | D:3      | Reached skill level 1 in Summonings
  1794 | D:3      | Reached skill level 1 in Necromancy
  1794 | D:3      | Reached skill level 1 in Translocations
  1794 | D:3      | Reached skill level 1 in Transmutations
  1794 | D:3      | Reached skill level 1 in Fire Magic
  1794 | D:3      | Reached skill level 1 in Air Magic
  1794 | D:3      | Reached skill level 1 in Earth Magic
  1794 | D:3      | Reached skill level 1 in Poison Magic
  1830 | D:3      | Learned a level 4 spell: Summon Ice Beast
  1873 | D:5      | Entered Level 5 of the Dungeon
  1873 | D:5      | Found a staircase to the Ecumenical Temple.
  1882 | Temple   | Entered the Ecumenical Temple
  1918 | Temple   | Became a worshipper of Ru the Awakened
  2102 | D:2      | Reached XP level 5. HP: 37/37 MP: 9/12
  2178 | D:2      | Killed Sigmund
  2178 | D:2      | Reached XP level 6. HP: 37/44 MP: 9/14
  2489 | D:3      | Reached skill level 5 in Dodging
  3004 | D:4      | Learned a level 4 spell: Throw Icicle
  3048 | D:4      | Gained mutation: Your casting is slightly disrupted. [Ru
                  | sacrifice]
  3048 | D:4      | Reached * piety under Ru
  3122 | D:4      | Noticed Natasha
  3131 | D:4      | Killed Natasha
  3131 | D:4      | Reached XP level 7. HP: 46/50 MP: 15/15
  3138 | D:4      | Noticed Robin
  3173 | D:4      | Killed Robin
  3251 | D:4      | Found a blossoming altar of Fedhas.
  3259 | D:4      | Noticed Natasha
  3269 | D:4      | Killed Natasha
  3354 | D:4      | Noticed Ijyb
  3363 | D:4      | Killed Ijyb
  3387 | D:4      | Got a pair of warped boots
  3394 | D:4      | Identified the +0 pair of boots of Parts Unknown {Regen+}
                  | (You found it on level 4 of the Dungeon)
  3592 | D:4      | Noticed Eustachio
  3595 | D:4      | Noticed Natasha
  3598 | D:4      | Killed Eustachio
  3598 | D:4      | Reached skill level 5 in Stealth
  3639 | D:4      | Killed Natasha
  3912 | D:5      | Reached XP level 8. HP: 57/57 MP: 16/16
  4184 | D:5      | Found an ancient bone altar of Kikubaaqudgha.
  4658 | D:5      | Found Coodwiar's Distillery.
  4666 | D:5      | Bought a potion of curing for 33 gold pieces
  4666 | D:5      | Bought a potion of heal wounds for 55 gold pieces
  4666 | D:5      | Bought a potion of haste for 110 gold pieces
  4921 | D:6      | Reached XP level 9. HP: 44/65 MP: 11/18
  5388 | D:7      | Gained mutation: You cannot read scrolls while threatened.
                  | [Ru sacrifice]
  5388 | D:7      | Reached ** piety under Ru
  5891 | D:7      | Found an opulent altar of Gozag.
  5901 | D:7      | Found a radiant altar of Vehumet.
  6138 | D:7      | Found a hazy altar of Hepliaklqana.
  6504 | D:8      | Noticed Prince Ribbit
  6529 | D:8      | Killed Prince Ribbit
  6529 | D:8      | Reached skill level 5 in Invocations
  6742 | D:8      | Reached XP level 10. HP: 73/73 MP: 20/20
  7459 | D:10     | Entered Level 10 of the Dungeon
  7490 | D:9      | Reached skill level 5 in Fighting
  7490 | D:9      | Reached skill level 5 in Short Blades
  7490 | D:9      | Reached skill level 5 in Long Blades
  7490 | D:9      | Reached skill level 5 in Axes
  7490 | D:9      | Reached skill level 5 in Maces & Flails
  7490 | D:9      | Reached skill level 5 in Polearms
  7490 | D:9      | Reached skill level 5 in Staves
  7490 | D:9      | Reached skill level 5 in Slings
  7490 | D:9      | Reached skill level 5 in Bows
  7490 | D:9      | Reached skill level 5 in Crossbows
  7490 | D:9      | Reached skill level 5 in Throwing
  7490 | D:9      | Reached skill level 5 in Armour
  7490 | D:9      | Reached skill level 5 in Shields
  7490 | D:9      | Reached skill level 5 in Unarmed Combat
  7490 | D:9      | Reached skill level 5 in Evocations
  7630 | D:9      | Found a burning altar of Makhleb.
  8638 | D:10     | Reached skill level 5 in Conjurations
  9106 | D:10     | Reached XP level 11. HP: 71/81 MP: 15/22
  9827 | D:10     | Found a staircase to the Lair.
 10010 | Lair:1   | Entered Level 1 of the Lair of Beasts
 10125 | Lair:1   | Reached skill level 5 in Hexes
 10125 | Lair:1   | Reached skill level 5 in Charms
 10125 | Lair:1   | Reached skill level 5 in Summonings
 10125 | Lair:1   | Reached skill level 5 in Necromancy
 10125 | Lair:1   | Reached skill level 5 in Translocations
 10125 | Lair:1   | Reached skill level 5 in Transmutations
 10125 | Lair:1   | Reached skill level 5 in Fire Magic
 10125 | Lair:1   | Reached skill level 5 in Air Magic
 10125 | Lair:1   | Reached skill level 5 in Earth Magic
 10125 | Lair:1   | Reached skill level 5 in Poison Magic
 10289 | Lair:1   | Noticed a five-headed hydra
 10305 | Lair:1   | Killed a five-headed hydra
 10489 | Lair:2   | Noticed an eight-headed hydra
 10982 | Lair:1   | Noticed a death yak
 11006 | Lair:1   | Killed a death yak
 11224 | Lair:1   | Noticed an oklob plant
 11224 | Lair:1   | Noticed an oklob plant
 11224 | Lair:1   | Noticed an oklob plant
 11224 | Lair:1   | Noticed an oklob plant
 11942 | Lair:2   | Found an opulent altar of Gozag.
 11958 | Lair:2   | Killed an eight-headed hydra
 12222 | Lair:2   | Found a transporter.
 12222 | Lair:2   | Identified the +9 spear of Cobwebs {antimagic, *Slow +Blink
                  | rN+}
 12222 | Lair:2   | Noticed a spriggan rider
 12223 | Lair:2   | Found a bloodstained altar of Trog.
 12223 | Lair:2   | Noticed teukkam's ghost (journeyman MiFi)
 12223 | Lair:2   | Identified the cursed +3 spear "Osaruf" {pierce, +Fly rPois
                  | SInv Stlth-}
 12223 | Lair:2   | Noticed a spriggan rider
 12242 | Lair:2   | Found a transporter.
 12245 | Lair:2   | Noticed a moth of wrath
 12256 | Lair:2   | Noticed a death yak
 12256 | Lair:2   | Noticed a death yak
 12480 | Lair:2   | Found a staircase to the Snake Pit.
 12503 | Lair:2   | Noticed a death yak
 12504 | Lair:2   | Noticed a death yak
 12552 | Lair:2   | Slain by a death yak

Levels and vault maps discovered:
D:1:      erik_arrival_gehennom, layout_basic
D:2:      layout_rooms, lemuel_doored_altar, kennysheep_doodads,
          lemuel_another_geyser, uniq_sigmund
D:3:      layout_rooms, minivault_5
D:4:      layout_loops_ring, eino_tiny_chamber, fedhas_ov_isle_minmay,
          uniq_ijyb, uniq_robin, uniq_natasha, uniq_eustachio
D:5:      layout_basic, nicolae_overflow_crystal_walls,
          minmay_temple_entry_mini_moons, first_ration, serial_shops,
          nicolae_shop_waterfront, minmay_diced_spiral
D:6:      layout_rooms, chequers_serial_rivers_small_3
D:7:      layout_basic, kennysheep_mini, amethyst_overflow_temple_binary
D:8:      layout_loops_cross, uniq_prince_ribbit1
D:9:      layout_long_grid, overflow_temple_1_default
D:10:     layout_rooms, lair_entry_dummy, nooodl_orcs_dogs
D:11:     cheibrodos_shockbox, layout_layer_cave, erik_orc_2, serial_shops,
          nicolae_shop_temple_entry_statues_fountains, serial_bayou,
          serial_bayou_pond_c, serial_bayou_lake_a, serial_bayou_pond_c,
          serial_bayou_pond_c, grunt_livestock
Temple:   nicolae_temple_elliptical
Lair:1:   layout_regular_city, minmay_shattered_shrine,
          minmay_lair_oklob_chamber, lemuel_fruit_tree
Lair:2:   layout_chaotic_city, minmay_snake_entry_guardpost_small,
          gammafunk_ghost_wrathful_warriors, basic_altar,
          infiniplex_staircase_pool
Lair:3:   layout_loops_ring, skrybe_swamp_entry_bodies,
          kennysheep_abandoned_house

Skill      XL: |  1  2  3  4  5  6  7  8  9 10 11 |
---------------+----------------------------------+-----
Conjurations   | 2 3 4 5 |  5.9
Spellcasting   | 5 6 7 8 |  8.4
Invocations    | 1 2 3 4 5 6 7 |  7.2
Fighting       | 1 2 3 4 5 6 |  6.6
Short Blades   | 1 2 3 4 5 6 |  6.6
Long Blades    | 1 2 3 4 5 6 |  6.6
Axes           | 1 2 3 4 5 6 |  6.6
Maces & Flails | 1 2 3 4 5 6 |  6.6
Polearms       | 1 2 3 4 5 6 |  6.6
Staves         | 1 2 3 4 5 6 |  6.6
Slings         | 1 2 3 4 5 6 |  6.6
Bows           | 1 2 3 4 5 6 |  6.6
Crossbows      | 1 2 3 4 5 6 |  6.6
Throwing       | 1 2 3 4 5 6 |  6.6
Armour         | 1 2 3 4 5 6 |  6.6
Shields        | 1 2 3 4 5 6 |  6.6
Unarmed Combat | 1 2 3 4 5 6 |  6.6
Evocations     | 1 2 3 4 5 6 |  6.6
Hexes          | 1 2 3 4 5 |  5.5
Charms         | 1 2 3 4 5 |  5.5
Summonings     | 1 2 3 4 5 |  5.5
Necromancy     | 1 2 3 4 5 |  5.5
Translocations | 1 2 3 4 5 |  5.5
Transmutations | 1 2 3 4 5 |  5.5
Fire Magic     | 1 2 3 4 5 |  5.5
Air Magic      | 1 2 3 4 5 |  5.5
Earth Magic    | 1 2 3 4 5 |  5.5
Poison Magic   | 1 2 3 4 5 |  5.5
Dodging        | 5 6 7 8 |  8.1
Stealth        | 5 6 7 |  7.9
Ice Magic      | 6 7 |  7.8

Action                   |  1- 3 |  4- 6 |  7- 9 | 10-12 || total
-------------------------+-------+-------+-------+-------++-------
Melee: Whip              |    18 |    55 |    36 |       ||   109
       Bite              |     1 |     7 |    40 |    62 ||   110
       Falchion          |       |       |   290 |   400 ||   690
       Punch             |       |       |     8 |    18 ||    26
       Dagger            |       |       |       |    45 ||    45
 Cast: Freeze            |    46 |    72 |    86 |    77 ||   281
       Ozocubu's Armour  |       |     3 |    11 |    17 ||    31
       Summon Ice Beast  |       |       |     1 |    33 ||    34
       Throw Icicle      |       |       |       |    36 ||    36
Invok: Sacrifice Essence |       |     1 |       |       ||     1
       Sacrifice Words   |       |       |     1 |       ||     1
       Reject Sacrifices |       |       |       |     1 ||     1
  Use: Scroll            |       |     3 |     8 |     9 ||    20
       Potion            |       |       |       |     1 ||     1
 Stab: Sleeping          |     4 |     3 |    10 |     6 ||    23
       Distracted        |       |       |     1 |     5 ||     6
       Invisible         |       |       |       |     1 ||     1
  Eat: Chunk             |     1 |     6 |    11 |    24 ||    42
       Ration            |       |       |     1 |     1 ||     2
Armor: Robe              |     8 |     6 |       |       ||    14
       Quicksilver drago |       |    27 |    65 |       ||    92
       Leather armour    |       |       |   107 |   166 ||   273
Dodge: Dodged            |    38 |    53 |   313 |   427 ||   831
       Deflected         |       |     1 |     2 |     8 ||    11
       Rpst.: Falchion   |       |       |    81 |   110 ||   191
